Map: Sito di ricerca JD-2

Players

skystar

  • Race: Terran Terran
  • Spawn Location: 7:00

STURM

  • Race: Protoss Protoss
  • Spawn Location: 7:00

JimdiGriz

  • Race: Terran Terran
  • League: Bronze
  • Spawn Location: 6:00

Hallenbeck

  • Race: Protoss Protoss
  • Spawn Location: 6:00

Horns - Winner!

  • Race: Terran Terran
  • League: Silver
  • Spawn Location: 12:00

ORION - Winner!

  • Race: Protoss Protoss
  • League: Bronze
  • Spawn Location: 12:00

Elf - Winner!

  • Race: Protoss Protoss
  • Spawn Location: 3:00

Jhyrachy - Winner!

  • Race: Zerg Zerg
  • League: Silver
  • Spawn Location: 1:00

VOD

Have the link to the VOD?

Description

Time

  • Played on: April 6, 2016, 12:09 p.m.
  • Length: 25:20
Show
View Real Time Build Order
Export as new Build Order

skystar Terran 

Build Orders:  

Get SALT Encoding   

  12  0:01  SCV  
  13  0:20  Supply Depot  
  13  0:23  SCV  
  14  0:35  SCV  
  15  0:47  SCV  
  15  0:49  Supply Depot  
  16  1:00  SCV  
  17  1:12  SCV  
  18  1:22  Barracks  
  18  1:24  SCV  
  19  1:36  SCV  
  19  1:37  Command Center  
  20  1:53  Engineering Bay  
  20  2:06  Supply Depot  
  20  2:10  Marine  
  21  2:16  SCV  
  22  2:28  Marine, SCV  
  24  2:36  Bunker  
  24  2:43  SCV  
  25  2:44  Refinery  
  25  2:45  Refinery, Marine  
  26  2:55  SCV x2  
  28  3:03  Marine  
  28  3:04  Refinery  
  29  3:07  SCV  
  29  3:08  SCV  
  31  3:19  SCV  
  32  3:20  SCV  
  32  3:21  Marine  
  34  3:32  SCV, Factory  
  35  3:35  Orbital Command  
  35  3:45  SCV  
  35  3:47  Refinery  
  36  3:57  SCV  
  37  4:09  SCV  
  38  4:17  Factory Tech Lab  
  38  4:21  Starport  
  38  4:22  SCV  
  39  4:34  SCV  
  39  4:36  Marine  
  41  4:46  SCV x2  
  43  4:54  Marine  
  43  4:56  Siege Tank  
  43  4:58  SCV x2  
  49  5:00  Starport  
  49  5:10  SCV x2  
  49  5:11  Supply Depot  
  49  5:12  Marine  
  52  5:17  Starport Tech Lab  
  52  5:22  SCV x2  
  54  5:34  Supply Depot  
  54  5:38  Starport  
  54  5:57  Supply Depot  
  54  6:04  Orbital Command  
  54  6:08  Starport Tech Lab  
  54  6:20  Supply Depot  
  54  6:24  Fusion Core  
  54  6:36  Starport Tech Lab  
  54  6:57  Sensor Tower  
  54  7:21  Behemoth Reactor  
  54  7:39  Battlecruiser x3  
  72  7:49  Armory  
  72  8:18  Weapon Refit  
  72  8:32  Command Center  
  72  8:37  Armory  
  72  8:52  Terran Vehicle Weapons Level 1  
  72  8:56  Battlecruiser x2  
  84  9:05  Missile Turret  
  84  9:08  Missile Turret  
  84  9:09  Missile Turret  
  84  9:10  Missile Turret  
  84  9:12  Missile Turret  
  84  9:25  Armory  
  84  9:32  Terran Vehicle And Ship Armor Level 1  
  84  9:36  Battlecruiser  
  90  9:51  Supply Depot  
  86  10:15  Supply Depot  
  86  10:23  Starport  
  86  10:38  Supply Depot  
  86  10:47  Terran Ship Weapons Level 1  
  86  10:52  Planetary Fortress  
  80  10:59  Refinery  
  74  11:18  Starport Tech Lab  
  74  11:20  Terran Vehicle Weapons Level 2  
  74  11:24  Refinery  
  60  12:33  Starport Tech Lab  
  60  12:38  Battlecruiser  
  60  12:39  Raven  
  60  12:41  Starport Tech Lab  
  68  13:28  Command Center  
Show
View Real Time Build Order
Export as new Build Order

STURM Protoss 

Build Orders:  

Get SALT Encoding   

  12  0:04  Probe (Chrono Boost)  
  13  0:15  Probe (Chrono Boost)  
  14  0:25  Probe (Chrono Boost)  
  15  0:28  Pylon  
  15  0:36  Pylon  
  15  0:47  Probe (Chrono Boost)  
  16  0:58  Gateway  
  16  1:00  Forge  
  16  1:03  Probe (Chrono Boost)  
  17  1:14  Probe (Chrono Boost)  
  18  1:25  Probe (Chrono Boost)  
  19  1:43  Photon Cannon  
  19  1:48  Pylon  
  19  1:51  Probe (Chrono Boost)  
  20  2:00  Pylon  
  21  2:01  Probe (Chrono Boost)  
  21  2:20  Nexus  
  21  2:22  Pylon  
  21  2:26  Pylon  
  21  2:28  Probe (Chrono Boost)  
  22  2:38  Photon Cannon  
  22  2:42  Photon Cannon  
  22  2:44  Probe (Chrono Boost)  
  23  2:55  Cybernetics Core  
  23  2:57  Pylon  
  23  3:01  Assimilator  
  23  3:07  Assimilator  
  23  3:14  Photon Cannon  
  23  3:19  Pylon  
  23  3:38  Photon Cannon  
  23  3:44  Pylon  
  23  3:46  Photon Cannon  
  23  3:49  Probe (Chrono Boost)  
  24  3:56  Mothership Core (Chrono Boost)  
  26  4:04  Probe (Chrono Boost)  
  26  4:09  Pylon  
  27  4:14  Probe (Chrono Boost)  
  28  4:25  Probe (Chrono Boost)  
  29  4:33  Photon Cannon  
  29  4:36  Photon Cannon  
  29  4:40  Probe (Chrono Boost)  
  30  4:50  Stargate x2, Probe (Chrono Boost)  
  31  5:01  Probe (Chrono Boost)  
  31  5:03  Assimilator  
  32  5:07  Assimilator  
  32  5:10  Pylon  
  32  5:11  Probe (Chrono Boost)  
  33  5:16  Probe (Chrono Boost)  
  34  5:22  Probe (Chrono Boost)  
  34  5:27  Probe (Chrono Boost)  
  36  5:29  Stargate  
  36  5:36  Photon Cannon  
  37  5:43  Probe (Chrono Boost)  
  37  5:45  Photon Cannon  
  37  5:46  Probe (Chrono Boost)  
  38  5:53  Probe (Chrono Boost)  
  40  5:57  Probe (Chrono Boost)  
  40  6:07  Probe (Chrono Boost), Void Ray  
  40  6:09  Void Ray  
  48  6:18  Probe (Chrono Boost)  
  49  6:27  Photon Cannon  
  49  6:28  Probe (Chrono Boost)  
  50  6:33  Pylon  
  50  6:38  Void Ray  
  50  6:39  Probe (Chrono Boost)  
  55  6:50  Probe (Chrono Boost)  
  56  7:18  Void Ray  
  56  7:20  Void Ray  
  64  7:29  Nexus  
  64  7:32  Protoss Air Weapons Level 1 (Chrono Boost)  
  64  7:33  Pylon  
  64  7:36  Pylon  
  64  7:39  Pylon  
  64  7:43  Void Ray, Pylon  
  68  7:49  Protoss Shields Level 1 (Chrono Boost)  
  68  8:05  Photon Cannon  
  68  8:08  Photon Cannon  
  68  8:11  Photon Cannon  
  68  8:18  Photon Cannon  
  68  8:21  Photon Cannon  
  68  8:26  Photon Cannon  
  68  8:34  Phoenix x2  
  68  8:35  Phoenix  
  74  8:59  Phoenix x2  
  74  9:00  Phoenix  
  80  9:27  Protoss Air Armor Level 1  
  80  9:34  Nexus  
  80  9:38  Phoenix x2  
  82  9:39  Phoenix  
  86  9:49  Pylon  
  86  9:53  Pylon  
  86  9:56  Pylon  
  41  10:50  Probe  
  42  10:58  Phoenix  
  42  10:59  Phoenix x2  
  42  11:01  Probe  
  49  11:08  Stargate  
  49  11:11  Probe  
  50  11:21  Stargate  
  50  11:23  Phoenix  
  52  11:29  Phoenix x2  
  55  11:48  Phoenix  
  55  11:53  Phoenix  
  57  11:58  Phoenix x2  
  61  12:05  Phoenix  
  63  12:13  Phoenix  
  65  12:43  Mothership Core  
  67  12:51  Phoenix  
  67  12:52  Phoenix  
  67  12:54  Pylon  
  67  12:57  Pylon  
  70  13:15  Phoenix x3  
  43  14:02  Phoenix  
  45  14:03  Phoenix x3  
  45  14:04  Phoenix  
  48  14:31  Void Ray  
  48  14:32  Void Ray x3  
  54  15:11  Void Ray  
  56  15:21  Forge, Void Ray  
  56  15:22  Void Ray x3  
  72  15:29  Pylon  
  69  15:36  Gateway  
  68  15:54  Void Ray  
  72  16:11  Forge  
  72  16:26  Void Ray  
  72  16:27  Void Ray x3  
  88  16:40  Pylon  
  88  16:44  Nexus  
  88  16:50  Photon Cannon  
  87  16:55  Photon Cannon  
  87  17:13  Photon Cannon  
  87  17:20  Photon Cannon  
  83  17:27  Photon Cannon  
  81  17:39  Pylon  
Show
View Real Time Build Order
Export as new Build Order

JimdiGriz Terran 

Build Orders:  

Get SALT Encoding   

  12  0:46  SCV  
  13  0:58  SCV  
  13  1:02  Supply Depot  
  14  1:10  SCV  
  15  1:23  SCV  
  16  1:35  Supply Depot, SCV  
  17  1:48  SCV  
  18  2:00  SCV  
  18  2:01  Engineering Bay  
  19  2:12  SCV  
  20  2:18  Barracks  
  20  2:24  SCV  
  20  2:27  Refinery  
  21  2:36  SCV  
  22  2:38  Refinery  
  22  2:40  Missile Turret  
  22  2:48  SCV  
  23  3:00  SCV  
  24  3:08  Missile Turret  
  24  3:17  Missile Turret  
  24  3:27  Orbital Command  
  24  3:35  Hi-Sec Auto Tracking  
  24  3:41  Missile Turret  
  24  4:05  Supply Depot  
  24  4:10  Missile Turret  
  24  4:39  Sensor Tower  
  24  4:45  Factory  
  24  4:58  Supply Depot  
  24  5:01  Building Armor  
  24  5:35  Starport  
  24  5:42  Supply Depot  
  24  5:44  Factory Tech Lab  
  24  5:48  Barracks Tech Lab  
  24  6:13  Supply Depot  
  24  6:20  Supply Depot  
  24  6:24  Starport Tech Lab  
  24  6:57  Supply Depot  
  24  7:14  Armory  
  24  7:21  Viking  
  26  7:40  Starport  
  26  7:51  Viking  
  28  8:09  Terran Ship Weapons Level 1  
  28  8:21  Viking  
  30  8:51  Viking  
  32  8:59  Starport Reactor  
  32  9:06  Supply Depot  
  32  9:21  Viking  
  34  9:34  Starport  
  34  9:39  Supply Depot  
  34  9:47  Medivac  
  34  9:48  Viking  
  34  9:51  Viking  
  40  10:03  Terran Vehicle Weapons Level 1  
  40  10:17  Viking  
  40  10:18  Viking  
  40  10:21  Viking  
  46  10:31  Supply Depot  
  46  10:41  Starport Reactor  
  46  10:46  Viking  
  46  10:48  Viking  
  50  10:51  Supply Depot  
  50  11:21  Viking x2  
  50  11:22  Viking  
  52  11:57  Terran Ship Weapons Level 2  
  52  12:15  Viking x4  
  60  12:56  Starport Reactor  
  60  13:02  Raven  
  61  13:06  Starport Reactor  
  61  13:25  Starport Reactor  
  61  13:30  Starport Reactor  
  37  15:01  Refinery  
  37  15:10  Command Center  
  31  15:36  Terran Ship Weapons Level 3  
  23  16:07  Viking x5  
  32  16:37  Viking x5  
  42  17:07  Viking x3  
  4  20:03  Siege Tank  
  7  20:35  Siege Tank  
  10  20:37  Marine  
  6  20:54  Marine  
  6  21:12  Marine  
  7  21:30  Marine  
  8  21:48  Marine  
  7  22:56  Orbital Command  
  7  23:24  SCV  
  8  23:48  Raven  
  10  23:57  Marine  
  11  24:15  Marine  
  12  24:33  Marine  
  11  24:50  Marine  
  12  25:13  Command Center  
Show
View Real Time Build Order
Export as new Build Order

Hallenbeck Protoss 

Build Orders:  

Get SALT Encoding   

  12  1:07  Nexus  
  12  1:13  Assimilator  
  12  1:17  Pylon  
  12  1:18  Probe (Chrono Boost)  
  13  1:29  Probe (Chrono Boost)  
  13  1:32  Pylon  
  14  1:36  Pylon  
  14  1:39  Probe (Chrono Boost)  
  15  1:50  Probe (Chrono Boost)  
  16  1:54  Gateway  
  16  2:00  Probe (Chrono Boost), Pylon  
  17  2:07  Assimilator  
  17  2:11  Probe (Chrono Boost)  
  18  2:21  Probe (Chrono Boost)  
  19  2:32  Probe (Chrono Boost)  
  20  2:43  Assimilator  
  20  2:47  Probe (Chrono Boost)  
  21  2:52  Cybernetics Core  
  21  2:56  Pylon  
  21  2:57  Probe (Chrono Boost)  
  22  3:08  Probe (Chrono Boost)  
  23  3:15  Pylon  
  23  3:18  Probe (Chrono Boost)  
  24  3:22  Pylon  
  24  3:25  Pylon  
  24  3:29  Probe (Chrono Boost)  
  25  3:40  Probe (Chrono Boost)  
  26  3:45  Probe (Chrono Boost)  
  27  3:50  Probe (Chrono Boost)  
  28  3:56  Probe (Chrono Boost)  
  28  4:01  Probe (Chrono Boost)  
  30  4:06  Nexus, Probe (Chrono Boost)  
  31  4:11  Probe (Chrono Boost)  
  31  4:15  Stargate  
  32  4:17  Probe (Chrono Boost)  
  32  4:21  Stargate  
  33  4:26  Probe (Chrono Boost)  
  34  4:32  Assimilator  
  34  4:37  Probe (Chrono Boost)  
  35  4:47  Probe (Chrono Boost)  
  35  4:51  Pylon  
  36  4:58  Probe (Chrono Boost)  
  37  5:09  Probe (Chrono Boost)  
  38  5:15  Fleet Beacon  
  38  5:19  Probe (Chrono Boost)  
  39  5:24  Probe (Chrono Boost)  
  40  5:29  Protoss Air Weapons Level 1  
  40  5:30  Probe (Chrono Boost)  
  40  5:34  Probe (Chrono Boost)  
  42  5:39  Stargate  
  42  5:40  Probe (Chrono Boost)  
  42  5:42  Pylon  
  43  5:45  Probe (Chrono Boost), Pylon  
  43  5:47  Pylon  
  44  5:51  Probe (Chrono Boost)  
  44  5:56  Probe (Chrono Boost)  
  46  6:01  Probe (Chrono Boost), Carrier  
  46  6:03  Carrier  
  59  6:06  Probe (Chrono Boost)  
  60  6:12  Pylon  
  60  6:17  Stargate  
  60  6:23  Graviton Catapult  
  60  6:31  Cybernetics Core  
  60  6:35  Pylon  
  60  6:43  Carrier  
  66  6:51  Pylon  
  66  6:55  Stargate  
  66  7:06  Assimilator  
  66  7:09  Probe (Chrono Boost)  
  66  7:10  Assimilator  
  67  7:19  Protoss Air Armor Level 1, Probe (Chrono Boost)  
  67  7:21  Robotics Facility  
  68  7:25  Forge  
  68  7:27  Twilight Council  
  69  7:30  Probe (Chrono Boost)  
  69  7:39  Carrier  
  69  7:40  Probe (Chrono Boost)  
  76  7:51  Probe (Chrono Boost)  
  77  7:55  Protoss Air Weapons Level 2  
  77  8:09  Carrier  
  83  8:34  Warp Prism  
  83  8:38  Carrier  
  91  9:02  Carrier  
  97  9:03  Carrier  
  103  9:10  Observer  
  104  9:23  Carrier  
  110  9:30  Protoss Shields Level 1  
  110  9:55  Nexus  
  110  9:58  Assimilator  
  110  10:02  Carrier  
  110  10:03  Assimilator  
  110  10:05  Protoss Air Armor Level 2  
  116  10:25  Carrier  
  122  10:51  Nexus  
  122  10:55  Assimilator  
  122  10:58  Carrier  
  122  10:59  Carrier x2  
  122  11:00  Assimilator  
  140  11:22  Twilight Council  
  140  11:23  Protoss Air Weapons Level 3  
  140  11:33  Carrier  
  146  13:20  Carrier x3  
  146  13:21  Twilight Council, Carrier  
  170  13:32  Protoss Air Armor Level 3  
  170  14:10  Carrier  
  155  15:02  Pylon  
  155  15:04  Protoss Shields Level 2 (Chrono Boost)  
  155  15:14  Pylon  
  155  15:16  Pylon  
  155  15:18  Pylon  
  155  15:19  Carrier  
  155  15:20  Pylon  
  161  15:22  Pylon  
  161  15:32  Carrier x2  
  161  15:34  Carrier  
  179  15:46  Observer  
  180  16:08  Observer  
  117  20:14  Pylon  
  117  20:15  Pylon  
  117  20:17  Pylon  
  117  20:20  Pylon  
  117  21:13  Gateway  
  117  21:21  Nexus, Pylon  
  117  21:25  Pylon  
  116  21:27  Pylon  
  104  21:59  Gateway  
  104  22:04  Stargate  
  104  22:08  Stargate  
  104  22:13  Stargate  
  104  22:14  Stargate  
  104  22:16  Stargate  
  104  22:22  Stargate  
  104  22:26  Pylon  
  104  22:29  Pylon  
  104  22:32  Pylon  
  104  23:03  Nexus  
Show
View Real Time Build Order
Export as new Build Order

Horns Terran - Winner!

Build Orders:  

Get SALT Encoding   

  12  0:03  SCV  
  13  0:15  SCV  
  14  0:24  Supply Depot  
  14  0:27  SCV  
  15  0:44  Refinery  
  15  0:46  SCV  
  16  0:50  Barracks  
  16  0:58  SCV  
  16  1:01  Refinery  
  17  1:13  SCV  
  18  1:31  SCV  
  19  1:40  Engineering Bay  
  19  1:43  SCV  
  20  1:55  SCV  
  21  2:08  Command Center  
  21  2:13  Orbital Command  
  21  2:25  Missile Turret  
  21  2:45  SCV  
  22  2:52  Sensor Tower  
  22  2:57  SCV  
  23  3:19  SCV  
  24  3:31  SCV  
  24  3:32  Supply Depot  
  25  3:36  Refinery  
  25  3:38  Orbital Command  
  25  3:45  Sensor Tower  
  25  3:55  Supply Depot  
  25  4:03  Refinery  
  25  4:07  Factory  
  25  4:12  SCV  
  26  4:18  Supply Depot  
  26  4:24  SCV  
  27  4:35  SCV  
  27  4:36  SCV  
  29  4:41  Supply Depot  
  29  4:48  SCV  
  30  5:00  SCV  
  30  5:04  Supply Depot  
  31  5:13  SCV  
  32  5:21  Starport  
  32  5:24  Factory Reactor  
  32  5:25  SCV  
  33  5:37  SCV  
  33  5:41  Armory  
  34  5:49  SCV  
  35  6:00  Starport  
  35  6:01  SCV  
  36  6:04  Starport Tech Lab  
  36  6:06  Command Center  
  36  6:13  SCV  
  37  6:25  SCV  
  38  6:28  Fusion Core, Armory  
  38  6:29  Terran Vehicle And Ship Armor Level 1  
  38  6:36  Starport Tech Lab  
  38  6:37  SCV  
  38  6:38  Starport  
  39  6:42  Starport Tech Lab  
  39  7:16  Battlecruiser  
  39  7:17  Battlecruiser  
  39  7:19  Starport Tech Lab  
  39  7:22  Refinery  
  51  7:28  Starport  
  51  7:31  Terran Ship Weapons Level 1  
  51  7:35  SCV  
  52  7:39  Planetary Fortress  
  52  7:47  SCV  
  52  7:48  Refinery  
  53  8:01  Battlecruiser  
  59  8:33  Battlecruiser x2  
  71  8:35  Starport Tech Lab  
  71  8:44  Terran Vehicle And Ship Armor Level 2  
  71  8:50  SCV  
  72  8:58  Battlecruiser  
  72  9:02  SCV  
  79  9:16  Battlecruiser  
  85  9:22  SCV  
  86  9:27  Terran Ship Weapons Level 2  
  86  9:34  SCV  
  86  9:36  Supply Depot  
  87  9:39  Supply Depot  
  87  9:46  Battlecruiser  
  93  9:58  SCV  
  94  10:00  Supply Depot  
  94  10:03  Supply Depot  
  94  10:11  SCV  
  95  10:20  Battlecruiser  
  95  10:21  Battlecruiser  
  107  10:23  Supply Depot, SCV  
  107  10:26  Supply Depot  
  108  10:35  SCV  
  109  10:46  Supply Depot  
  109  10:49  Supply Depot  
  109  11:07  Battlecruiser  
  109  11:08  Battlecruiser  
  121  11:12  Terran Vehicle And Ship Armor Level 3  
  121  11:16  Supply Depot  
  121  11:17  Supply Depot  
  121  11:35  Battlecruiser  
  127  11:40  Supply Depot  
  127  11:44  Terran Ship Weapons Level 3  
  127  11:56  Supply Depot  
  127  12:20  Supply Depot  
  127  12:31  Battlecruiser  
  127  12:32  Battlecruiser  
  139  13:08  Battlecruiser x2  
  61  14:26  Battlecruiser x3  
  61  14:27  Battlecruiser  
  85  15:12  Command Center  
  85  15:34  Battlecruiser  
  85  15:35  Battlecruiser  
  97  16:25  Refinery  
  97  16:30  Battlecruiser x2  
  109  16:51  Refinery  
  94  17:21  Battlecruiser x2  
Show
View Real Time Build Order
Export as new Build Order

ORION Protoss - Winner!

Build Orders:  

Get SALT Encoding   

  12  1:41  Probe (Chrono Boost)  
  13  1:51  Probe (Chrono Boost)  
  13  1:52  Pylon  
  14  2:01  Nexus  
  14  2:02  Probe (Chrono Boost)  
  14  2:04  Pylon  
  14  2:06  Assimilator  
  15  2:10  Assimilator, Pylon  
  15  2:20  Forge  
  15  2:22  Gateway  
  15  2:23  Probe (Chrono Boost)  
  15  2:27  Pylon  
  16  2:34  Probe (Chrono Boost)  
  17  2:44  Probe (Chrono Boost)  
  18  2:54  Photon Cannon  
  18  2:55  Probe (Chrono Boost)  
  18  2:57  Photon Cannon  
  19  3:03  Pylon  
  19  3:08  Probe (Chrono Boost)  
  20  3:15  Probe (Chrono Boost)  
  20  3:18  Probe (Chrono Boost)  
  22  3:29  Probe (Chrono Boost)  
  23  3:54  Cybernetics Core  
  23  4:00  Assimilator  
  23  4:06  Assimilator  
  23  4:07  Pylon  
  23  4:09  Photon Cannon, Pylon  
  23  4:13  Pylon  
  23  4:15  Probe (Chrono Boost)  
  24  4:22  Probe (Chrono Boost)  
  25  4:26  Probe (Chrono Boost)  
  26  4:32  Probe (Chrono Boost)  
  27  4:43  Probe (Chrono Boost)  
  28  4:45  Stargate  
  28  4:52  Stargate  
  28  4:53  Probe (Chrono Boost)  
  29  5:01  Stargate  
  29  5:04  Probe (Chrono Boost)  
  30  5:10  Pylon  
  30  5:14  Probe (Chrono Boost)  
  31  5:25  Probe (Chrono Boost)  
  32  5:32  Void Ray (Chrono Boost)  
  32  5:34  Probe (Chrono Boost)  
  37  5:37  Void Ray (Chrono Boost)  
  41  5:44  Probe  
  42  5:51  Void Ray (Chrono Boost)  
  42  5:57  Protoss Air Weapons Level 1 (Chrono Boost), Probe  
  47  6:02  Probe  
  48  6:15  Probe  
  48  6:17  Void Ray (Chrono Boost)  
  53  6:20  Probe (Chrono Boost)  
  54  6:32  Probe (Chrono Boost)  
  55  6:36  Void Ray (Chrono Boost)  
  59  6:43  Probe, Void Ray (Chrono Boost)  
  64  6:55  Probe  
  65  7:07  Probe  
  66  7:12  Protoss Shields Level 1 (Chrono Boost)  
  66  7:21  Void Ray (Chrono Boost)  
  74  7:23  Void Ray (Chrono Boost)  
  74  7:38  Stargate  
  74  7:49  Pylon  
  74  7:52  Pylon  
  74  8:09  Photon Cannon  
  74  8:13  Photon Cannon  
  74  8:17  Photon Cannon  
  74  8:37  Void Ray (Chrono Boost)  
  82  8:42  Void Ray (Chrono Boost)  
  82  8:44  Nexus  
  82  8:47  Pylon  
  82  9:16  Photon Cannon  
  82  9:18  Photon Cannon  
  82  9:24  Assimilator  
  82  9:26  Assimilator  
  82  9:28  Void Ray (Chrono Boost), Pylon  
  94  9:34  Void Ray x2 (Chrono Boost)  
  94  9:41  Pylon  
  94  10:02  Fleet Beacon  
  94  10:05  Stargate  
  94  10:07  Stargate  
  94  10:10  Void Ray (Chrono Boost)  
  101  10:16  Void Ray (Chrono Boost)  
  77  10:50  Void Ray (Chrono Boost)  
  77  10:55  Void Ray (Chrono Boost)  
  81  10:59  Void Ray (Chrono Boost)  
  81  11:02  Probe  
  82  11:12  Probe  
  87  11:20  Void Ray (Chrono Boost)  
  87  11:23  Probe  
  84  11:33  Probe  
  81  11:44  Probe  
  66  11:51  Void Ray x2 (Chrono Boost)  
  74  11:55  Void Ray (Chrono Boost)  
  74  12:04  Probe  
  75  12:15  Probe  
  72  12:25  Probe  
  65  12:30  Protoss Air Armor Level 1 (Chrono Boost)  
  65  12:36  Probe  
  65  12:42  Photon Cannon  
  66  12:44  Photon Cannon  
  66  12:46  Probe  
  66  12:47  Photon Cannon  
  66  12:50  Photon Cannon  
  63  12:57  Probe  
  63  13:02  Void Ray (Chrono Boost)  
  68  13:08  Probe  
  68  13:12  Void Ray (Chrono Boost)  
  81  13:41  Void Ray (Chrono Boost)  
  81  13:42  Void Ray (Chrono Boost)  
  81  14:03  Void Ray (Chrono Boost)  
  81  14:08  Void Ray (Chrono Boost)  
  89  14:17  Protoss Air Weapons Level 2 (Chrono Boost)  
  89  14:38  Void Ray x2  
  93  14:39  Void Ray  
  89  15:26  Void Ray  
  81  15:32  Void Ray x4  
  85  15:46  Void Ray  
  89  16:03  Void Ray  
  93  16:15  Void Ray x3  
  101  16:39  Nexus  
  101  16:42  Void Ray  
  101  16:44  Pylon  
  101  16:46  Pylon  
  101  16:47  Void Ray x2  
  65  17:30  Photon Cannon  
  65  17:31  Photon Cannon  
  65  17:32  Photon Cannon  
  65  17:33  Photon Cannon  
  65  17:39  Void Ray (Chrono Boost)  
Show
View Real Time Build Order
Export as new Build Order

Elf Protoss - Winner!

Build Orders:  

Get SALT Encoding   

  12  0:15  Pylon  
  12  0:19  Probe (Chrono Boost)  
  13  0:29  Probe (Chrono Boost)  
  14  0:35  Forge  
  14  0:40  Probe (Chrono Boost)  
  15  0:50  Probe (Chrono Boost)  
  15  0:53  Assimilator  
  16  1:02  Probe (Chrono Boost)  
  17  1:12  Probe (Chrono Boost), Photon Cannon  
  18  1:23  Probe (Chrono Boost), Photon Cannon  
  19  1:33  Probe (Chrono Boost)  
  20  1:44  Assimilator  
  20  1:45  Probe  
  21  1:57  Probe  
  22  2:17  Probe  
  23  2:27  Protoss Ground Weapons Level 1 (Chrono Boost)  
  23  2:37  Pylon  
  23  2:41  Pylon  
  23  2:55  Probe  
  23  2:56  Pylon  
  24  3:00  Gateway  
  24  3:07  Probe, Pylon  
  25  3:15  Nexus  
  25  3:19  Probe  
  26  3:27  Photon Cannon  
  26  3:30  Assimilator  
  26  3:31  Probe  
  27  3:40  Gateway  
  27  3:46  Probe  
  28  3:58  Probe  
  29  4:07  Protoss Ground Armor Level 1 (Chrono Boost)  
  29  4:09  Cybernetics Core  
  29  4:11  Probe  
  29  4:15  Gateway  
  30  4:20  Pylon  
  30  4:25  Pylon  
  30  4:31  Pylon  
  30  4:38  Probe  
  31  4:47  Pylon  
  31  4:49  Probe  
  32  4:59  Probe  
  33  5:08  Twilight Council  
  33  5:10  Probe  
  33  5:12  Pylon  
  34  5:15  Pylon  
  34  5:19  Zealot  
  34  5:20  Zealot  
  38  5:40  Pylon  
  38  5:46  Charge, Zealot  
  40  5:50  Stalker  
  40  5:51  Sentry  
  43  6:01  Probe  
  44  6:10  Assimilator  
  44  6:12  Probe  
  44  6:14  Sentry  
  44  6:17  Sentry  
  49  6:20  Sentry  
  49  6:22  Probe  
  52  6:33  Probe  
  53  6:40  Sentry  
  53  6:43  Sentry, Probe  
  53  6:46  Zealot  
  60  6:50  Pylon  
  60  6:53  Mothership Core  
  60  6:58  Protoss Shields Level 1 (Chrono Boost)  
  62  7:05  Gateway  
  62  7:06  Zealot  
  64  7:10  Zealot, Pylon  
  64  7:13  Probe, Zealot  
  69  7:20  Dark Shrine  
  69  7:23  Probe  
  69  7:24  Pylon  
  70  7:30  Gateway  
  70  7:45  Photon Cannon  
  70  7:48  Photon Cannon  
  70  8:20  Nexus  
  70  8:25  Pylon  
  70  8:37  Protoss Ground Armor Level 2 (Chrono Boost)  
  70  8:43  Dark Templar x5  
  80  8:52  Photon Cannon  
  80  9:00  Assimilator  
  80  9:01  Probe  
  81  9:12  Probe  
  82  9:22  Probe, Dark Templar x2  
  82  9:23  Photon Cannon  
  87  9:31  Probe  
  88  9:42  Probe  
  89  9:52  Probe  
  90  10:03  Probe  
  85  10:13  Probe  
  78  10:27  Probe  
  77  10:35  Protoss Ground Weapons Level 2 (Chrono Boost)  
  77  10:38  Probe  
  66  10:44  Stalker  
  66  10:45  Stalker x2  
  66  10:49  Probe  
  72  10:51  Probe  
  74  10:59  Probe  
  74  11:01  Probe  
  76  11:10  Probe  
  76  11:12  Probe  
  76  11:14  Stalker  
  76  11:15  Stalker x2  
  84  11:44  Stalker x2  
  84  11:45  Stalker  
  78  11:54  Probe  
  79  12:02  Zealot x2  
  79  12:04  Probe  
  84  12:14  Stalker x2  
  84  12:15  Probe, Stalker  
  89  12:25  Probe  
  89  12:27  Pylon  
  89  12:29  Zealot x2  
  94  12:33  Protoss Shields Level 2 (Chrono Boost)  
  94  12:34  Gateway  
  94  12:36  Probe, Gateway  
  95  12:44  Zealot  
  95  12:45  Zealot x2  
  101  12:53  Assimilator  
  101  12:56  Zealot x2  
  105  13:11  Zealot  
  105  13:12  Zealot x2  
  111  13:17  Gateway  
  111  13:23  Zealot x2  
  111  13:26  Pylon  
  115  13:28  Gateway  
  115  13:38  Zealot  
  115  13:39  Zealot x2  
  121  13:49  Dark Templar x2  
  121  13:50  Zealot  
  121  13:51  Dark Templar  
  129  14:06  Sentry x3  
  135  14:18  Sentry  
  137  14:28  Dark Templar x2  
  137  14:30  Dark Templar  
  143  14:32  Sentry x2  
  143  14:33  Sentry  
  149  14:44  Dark Templar  
  149  14:58  Dark Templar  
  149  14:59  Dark Templar x2  
  155  15:07  Dark Templar  
  155  15:08  Dark Templar  
  155  15:09  Dark Templar  
  139  15:23  Dark Templar  
  141  15:38  Dark Templar, Zealot x2  
  147  15:47  Zealot x2  
  147  15:48  Zealot  
  153  16:02  Zealot  
  155  16:05  Zealot x2  
  147  16:14  Zealot x2  
  147  16:15  Zealot  
  147  16:17  Zealot  
  155  16:29  Zealot  
  155  16:32  Dark Templar x2  
  161  16:41  Zealot x2  
  161  16:42  Zealot  
  161  16:44  Zealot  
  169  16:56  Zealot  
  171  17:08  Zealot x2  
  175  17:10  Zealot  
  175  17:11  Zealot x3  
  181  17:24  Zealot  
  183  17:35  Zealot x2  
  183  17:37  Zealot  
  189  17:46  Zealot  
  189  17:54  Zealot  
  189  17:57  Zealot  
  189  18:07  Zealot  
  189  18:11  Zealot x2  
  189  18:12  Zealot  
  187  18:13  Zealot  
  185  18:22  Zealot  
  185  18:25  Zealot  
  189  19:12  Zealot  
  189  19:13  Dark Templar  
  189  19:37  Dark Templar  
  170  20:08  Pylon  
  170  20:11  Pylon  
  170  20:14  Pylon  
  170  20:40  Dark Templar  
  70  21:08  Dark Templar  
  72  21:13  Pylon  
  72  21:18  Dark Templar x2  
  76  21:19  Dark Templar  
  78  21:47  Dark Templar  
  78  21:48  Gateway  
  78  21:51  Cybernetics Core  
  80  21:57  Nexus, Dark Templar x2  
  80  21:59  Dark Templar  
  86  22:09  Nexus  
  86  22:11  Forge  
  86  22:26  Dark Templar  
  91  22:38  Dark Templar  
  93  22:46  Stalker  
  95  22:55  Pylon  
  95  22:56  Gateway  
  92  22:59  Gateway  
  92  23:01  Gateway  
  92  23:04  Gateway  
  86  23:06  Dark Templar  
  73  23:17  Dark Templar  
  73  23:38  Pylon  
  65  24:11  Nexus  
  65  24:47  Pylon  
  64  25:00  Assimilator  
  64  25:07  Pylon  
  64  25:17  Pylon  
Show
View Real Time Build Order
Export as new Build Order

Jhyrachy Zerg - Winner!

Build Orders: 3 Hatch before Pool 

Get SALT Encoding   

  12  0:01  Drone  
  13  0:08  Drone  
  14  0:17  Overlord  
  14  0:26  Overlord  
  15  0:35  Drone x2  
  16  0:44  Drone  
  17  1:03  Drone  
  18  1:04  Hatchery  
  17  1:17  Extractor  
  16  1:28  Hatchery  
  16  1:29  Drone  
  16  1:43  Drone x3  
  19  2:05  Spawning Pool  
  18  2:10  Evolution Chamber  
  18  2:13  Evolution Chamber  
  18  2:14  Drone  
  18  2:15  Drone  
  18  2:17  Drone  
  18  2:22  Drone  
  20  2:34  Drone x2  
  22  2:47  Extractor, Drone  
  22  2:48  Drone x2  
  24  2:53  Queen  
  26  3:00  Queen  
  28  3:07  Drone  
  29  3:15  Queen  
  31  3:23  Drone  
  31  3:24  Drone x4  
  36  3:42  Drone x3  
  36  3:43  Drone x2  
  41  3:56  Zerg Ground Armor Level 1, Zerg Missile Weapons Level 1  
  41  4:08  Drone  
  42  4:10  Overlord x2  
  42  4:26  Roach Warren  
  42  4:30  Drone x3  
  44  4:45  Extractor  
  43  4:47  Extractor  
  43  4:48  Drone  
  43  4:49  Drone  
  43  4:50  Drone x3  
  43  4:52  Drone x3  
  50  4:53  Drone  
  50  4:54  Drone x7  
  50  4:55  Overlord x2  
  50  4:56  Overlord  
  58  5:00  Pneumatized Carapace  
  58  5:16  Drone x3  
  58  5:17  Drone x6  
  58  5:20  Extractor  
  66  5:30  Lair  
  66  5:44  Drone  
  66  5:45  Drone x2  
  66  5:48  Drone  
  70  5:50  Extractor, Drone x3  
  72  6:01  Burrow  
  72  6:19  Overlord x5  
  72  6:30  Glial Reconstitution  
  72  6:32  Zerg Missile Weapons Level 2, Zerg Ground Armor Level 2  
  72  6:35  Roach x5  
  72  6:39  Roach  
  86  6:40  Roach x9  
  102  6:59  Roach  
  102  7:00  Roach x7  
  120  7:08  Roach  
  120  7:09  Roach  
  120  7:10  Overlord  
  120  7:11  Overlord x3  
  122  7:29  Overlord x4  
  122  7:30  Overlord  
  122  7:33  Roach  
  122  7:34  Roach x6  
  136  7:43  Roach x3  
  142  7:48  Tunneling Claws  
  142  7:51  Roach x3  
  148  7:59  Roach x9  
  166  8:28  Overlord x2  
  166  8:35  Hatchery  
  166  8:36  Infestation Pit  
  164  8:41  Hydralisk Den  
  163  8:55  Spire  
  162  9:16  Hive  
  162  9:21  Muscular Augments  
  162  9:49  Roach x47  
  162  10:10  Ravager x10  
  162  10:11  Ravager x18  
  162  10:12  Ravager  
  188  11:07  Zerg Missile Weapons Level 3  
  188  11:08  Zerg Ground Armor Level 3, Lurker Den  
  188  11:10  Greater Spire  
  188  11:27  Queen  
  181  12:08  Roach x18  
  163  12:36  Roach x18  
  156  13:44  Extractor  
  156  13:47  Extractor  
  154  13:54  Roach  
  154  13:55  Roach x17  
  190  13:56  Roach x5  
  152  14:42  Roach x6  
  152  14:43  Roach x21  
  200  15:08  Roach x16  
  200  15:27  Roach x66  
  200  15:29  Hatchery  
  200  15:31  Extractor x2  
  197  15:43  Roach x53  
  171  16:01  Roach x50  
  161  16:27  Roach x36  
  137  16:47  Ravager x4  
  137  16:48  Ravager x23  
  137  16:49  Ravager x9  
  137  16:53  Hydralisk x4  
  137  16:54  Hydralisk x9  
  140  18:44  Spore Crawler  
  140  18:45  Spore Crawler  
  140  18:46  Spore Crawler  
  140  18:47  Spore Crawler x3  
  140  18:48  Spore Crawler x3  
  114  18:49  Spore Crawler  
  114  18:51  Spore Crawler  
  114  18:55  Spore Crawler  
  92  18:56  Spore Crawler  
  92  18:57  Spore Crawler  
  84  19:07  Spore Crawler  
  84  19:08  Spore Crawler  
  84  19:09  Spore Crawler  
  72  19:13  Spore Crawler  
  72  19:15  Spore Crawler  
  70  19:22  Spore Crawler  
  70  19:23  Spore Crawler  
  68  19:24  Spore Crawler  
  68  19:25  Spore Crawler x2  
  68  19:27  Spore Crawler x2  
  68  19:28  Spore Crawler x2  
  61  19:34  Spore Crawler  
  61  19:35  Spore Crawler  
  59  19:40  Spore Crawler x3  
  59  19:42  Spore Crawler  
  55  19:59  Spore Crawler  
  54  20:00  Spore Crawler x2  
  54  20:04  Spore Crawler  
  51  20:37  Metabolic Boost  
  51  20:41  Hydralisk x6  
  51  20:42  Hydralisk  
  23  21:56  Adrenal Glands  
  23  22:16  Spore Crawler  
  17  22:44  Viper x3  
  17  22:45  Viper x12  
  38  25:11  Roach Warren  
Tags
 
Add a new tag
Caveats
  • Supply blocks, unpowered buildings, or Contaminate may cause inaccurate times.
  • Supply counts are checked every 10 seconds.